 Dungeon Crawl Stone Soup version 0.31.0-32-g396128a36d (webtiles) character file.

Game seed: 14702387816484295140

231 Panino the Ruffian (level 5, -17/45 HPs)
             Began as a Draconian Shapeshifter on Apr 8, 2024.
             Was an Initiate of Nemelex Xobeh.
             Demolished by a two-headed ogre
             ... wielding a +0 giant club
              (19 damage)
             ... on level 5 of the Dungeon on Apr 9, 2024.
             The game lasted 00:11:32 (3481 turns).

Panino the Ruffian (Draconian Shapeshifter)         Turns: 3481, Time: 00:11:34

Health: -17/45     AC:  5    Str: 18    XL:     5   Next: 73%
Magic:  5/5        EV: 13    Int: 11    God:    Nemelex Xobeh [......]
Gold:   219        SH:  0    Dex: 16    Spells: 4/4 levels left

rFire   . . .        s - +2 falchion (vamp)
rCold   . . .        (no shield)
rNeg    + . .        (body armour unavailable)
rPois   .            (helmet currently unavailable)
rElec   .            (cloak currently unavailable)
rCorr   .            (gloves currently unavailable)
SInv    .            (boots currently unavailable)
Will    .....        (no amulet)
Stlth   +            k - ring of positive energy
HPRegen 0.27/turn    w - +6 ring of dexterity
MPRegen 0.09/turn

%: no passive effects
@: beast-form
A: beast (slay +1), AC +5, unfitting armour, cold-blooded
a: Begin Untransformation, Renounce Religion, Draw Escape, Draw Destruction,
Draw Summoning


You were on level 5 of the Dungeon.
You worshipped Nemelex Xobeh.
Nemelex Xobeh was noncommittal.
You were a hulking beast.
You visited 1 branch of the dungeon, and saw 5 of its levels.

You collected 219 gold pieces.

Inventory:

Hand Weapons
 h - a +1 dagger of holy wrath
 s - a +2 vampiric falchion (weapon)
Missiles
 y - 3 poisoned darts (quivered)
Armour
 g - a +1 pair of gloves
 q - a +0 pair of boots
 x - an orb of mayhem
Magical Staves
 o - a staff of earth
Jewellery
 k - a ring of positive energy (left hand)
 w - a +6 ring of dexterity (right hand)
Talismans
 b - a beast talisman (active)
 c - a flux talisman
Scrolls
 i - 3 scrolls of identify
 l - 2 scrolls of immolation
 m - 2 scrolls of vulnerability
 r - 2 scrolls of poison {unknown}
 t - a scroll of fog {unknown}
 u - a scroll of acquirement {unknown}
Potions
 a - a potion of lignification
 d - a potion of ambrosia {unknown}
 e - a potion of mutation {unknown}
 f - a potion of degeneration {unknown}
 j - a potion of curing {unknown}
 n - 2 potions of might {unknown}
 p - 3 potions of berserk rage
 v - 2 potions of heal wounds {unknown}


   Skills:
 + Level 3.1 Fighting
 + Level 3.1 Dodging
 - Level 4.7 Unarmed Combat
 * Level 3.4 Shapeshifting


You had 4 spell levels left.
You didn't know any spells.
Your spell library contained the following spells:

 Spells                   Type           Power      Damage    Failure   Level
 Apportation              Tloc           0%         N/A       34%         1
 Shock                    Conj/Air       0%         1d3       34%         1
 Jinxbite                 Hex            0%         N/A       47%         2
 Swiftness                Air            0%         N/A       71%         3
 Airstrike                Air            0%         2d(0-16)  98%         4
 Alistair's Intoxication  Alch           0%         N/A       100%        5


Dungeon Overview and Level Annotations

Branches:
Dungeon (5/15)
 Temple: D:4-7

Altars:
Elyvilon
Nemelex Xobeh

Shops:
D:3 (   D:4 [


Innate Abilities, Weirdness & Mutations

You are a hulking beast.
Your limbs bulge with bestial killing power. (Slay +1)
Your plain brown scales are hard. (AC +5)
You cannot fit into any form of body armour.
You are cold-blooded and may be slowed by cold attacks.


Message History

You throw a poisoned dart.
The poisoned dart hits the two-headed ogre.
The two-headed ogre is poisoned.
Throw: 7 darts (poison)
Press: ? - help, Q - select action, (/) - cycle Shift-Dir - straight line, f/p - two-headed ogre
Aim: a two-headed ogre, wielding two +0 giant clubs (poisoned, 75% to hit)
You throw a poisoned dart.
The poisoned dart hits the two-headed ogre.
The two-headed ogre looks even sicker.
Throw: 6 darts (poison)
Press: ? - help, Q - select action, (/) - cycle Shift-Dir - straight line, f/p - two-headed ogre
Aim: a two-headed ogre, wielding two +0 giant clubs (very poisoned, 75% to hit)
You throw a poisoned dart.
The poisoned dart barely misses the two-headed ogre.
Throw: 5 darts (poison)
Press: ? - help, Q - select action, (/) - cycle Shift-Dir - straight line, f/p - two-headed ogre
Aim: a two-headed ogre, wielding two +0 giant clubs (lightly wounded, very poisoned, 75% to hit)
You throw a poisoned dart.
The poisoned dart barely misses the two-headed ogre.
Throw: 4 darts (poison)
Press: ? - help, Q - select action, (/) - cycle Shift-Dir - straight line, f/p - two-headed ogre
Aim: a two-headed ogre, wielding two +0 giant clubs (lightly wounded, very poisoned, 75% to hit)
You throw a poisoned dart.
The poisoned dart barely misses the two-headed ogre.
You slash the two-headed ogre!
The two-headed ogre is moderately wounded.
The two-headed ogre misses you.
The two-headed ogre hits you with a +0 giant club!
You hit the two-headed ogre.
You feel better.
The two-headed ogre is moderately wounded.
The two-headed ogre closely misses you.
The two-headed ogre hits you with a +0 giant club.
You slash the two-headed ogre!
The two-headed ogre is heavily wounded.
The two-headed ogre hits you with a +0 giant club!!
Ouch! That really hurt!
* * * LOW HITPOINT WARNING * * *
The two-headed ogre hits you with a +0 giant club!!
You die...
Your body disappears without a glow.

##.#
#..#####..#
###...##..#
#..#
.....)....#
#.<#
###...##.##
#..# ...#.#
#.# #..# ##
#. #.#
#..########
# #.#
#..........
..#
#.########.
#.# #.h##
### #.O.#
##.## #.#
##.# #.(#
##(## #...#
#.♣.#


You could see a two-headed ogre (poisoned).

Vanquished Creatures
  A jelly (D:5)
  A sleepcap (D:4)
  7 gnolls
  4 adders
  A ribbon worm (D:2)
  2 dart slugs
  3 orcs
  5 bats
  5 endoplasms
  3 giant cockroaches
  2 goblins
  7 hobgoblins
  4 quokkas
  6 ball pythons
  5 frilled lizards
  6 kobolds
  2 rats
64 creatures vanquished.

Notes
Turn   | Place    | Note
-------+----------+-------------------------------------------
     0 | D:1      | Panino the Draconian Shapeshifter began the quest for the
                  | Orb.
     0 | D:1      | Reached XP level 1. HP: 16/16 MP: 1/1
   298 | D:1      | Reached XP level 2. HP: 21/23 MP: 2/2
  1116 | D:2      | Reached XP level 3. HP: 23/29 MP: 3/3
  1401 | D:2      | Reached skill level 4 in Unarmed Combat
  1739 | D:3      | Found Tayreave's Antique Weapon Emporium.
  1772 | D:3      | Reached XP level 4. HP: 36/36 MP: 4/4
  2405 | D:4      | Reached XP level 5. HP: 19/42 MP: 5/5
  2512 | D:4      | Found Uluih's Antique Armour Shop.
  3225 | D:4      | Found a sparkling altar of Nemelex Xobeh.
  3345 | D:4      | Became a worshipper of Nemelex Xobeh the Trickster
  3378 | D:5      | Entered Level 5 of the Dungeon
  3466 | D:5      | Found a white marble altar of Elyvilon.
  3466 | D:5      | Noticed a two-headed ogre
  3481 | D:5      | HP: 2/45 [two-headed ogre/+0 giant club (23)]
  3481 | D:5      | Demolished by a two-headed ogre

Illustrated notes

Levels and vault maps discovered:
D:1:      nzn_arrival_depleted_hourglass, layout_basic, serial_corexii_hall,
          corexii_hall_statues_l, corexii_hall_statues_u
D:2:      layout_basic, nrook_uturn, grunt_decor_junction
D:3:      layout_loops_ring, serial_shops, shop, minmay_cupped
D:4:      layout_basic, nemelex_spade_bored_becter, serial_shops, shop,
          minmay_misc_feat_doors, minmay_checkerbox, uniq_crazy_yiuf_cottage
D:5:      layout_loops_ring, elyvilon_altar_1, chequers_arboretum, uniq_edmund

Skill      XL: |  1  2  3  4  5 |
---------------+----------------+-----
Dodging        | 2 3 |  3.1
Fighting       | 2 3 |  3.1
Unarmed Combat | 4 |  4.7
Shapeshifting  | |  3.4

Action                     |  1- 3 |  4- 6 || total
---------------------------+-------+-------++-------
  Melee: Unarmed           |    85 |    63 ||   148
         Tailslap          |     5 |    14 ||    19
         Punch             |     1 |     2 ||     3
         Falchion          |       |    24 ||    24
  Throw: Dart              |       |     5 ||     5
Ability: Begin Untransform |       |     1 ||     1
    Use: Scroll            |       |     3 ||     3
   Stab: Sleeping          |     1 |     1 ||     2
 Armour: Skin              |    37 |    43 ||    80
  Dodge: Dodged            |    47 |    55 ||   102
   Form: Beast             |       |     1 ||     1
